AoeStats
← lty20000612

African Clearing

510738409Analyzed
3v3 RM · 1d ago on Oct 2, 2026· 21m 53s· 6 players
Game mode
Random Map
Map size
Normal (6 player)
Population
200
Speed
Normal
Resources
Standard
Victory
Conquest
Starting age
Dark Age
Ending age
Imperial Age
RankedLock teamsTeams togetherTeam positionsShared explorationLock speedFull tech treeHidden civsTurbo modeCheats
Victory
Defeat
🇦🇺 Danes · Australia
1086
+15
🇦🇺 Huns · Australia
1084
+15
🇦🇺 Saxons · Australia
1035
+17
🇫🇮 Bohemians · Finland
1108
-18
🇩🇪 Mongols · Germany
1055
-15
🇨🇳 Huns · China
1021
-14
damo95
9:21 Loom
11:58 Feudal Age
12:00 Man-at-Arms
12:47 Double-Bit Axe
15:18 Town Watch
17:13 Scale Mail Armor
17:20 Fletching
24:06 Castle Age
Antimorbit
7:37 Loom
14:49 Feudal Age
15:30 Double-Bit Axe
22:09 Bloodlines
islesofurth
13:30 Feudal Age
11:48 Loom
13:34 Feudal Age
15:48 Man-at-Arms
18:37 Castle Age
16:40 Double-Bit Axe
19:12 Forging
21:22 Gambesons
21:39 Squires
Captain_Spirit
9:11 Loom
14:26 Feudal Age
15:16 Double-Bit Axe
16:46 Bloodlines
lty20000612
16:09 Feudal Age
17:02 Man-at-Arms
19:28 Bloodlines
20:50 Loom
21:40 Wheelbarrow
TFS|Nappa
10:01 Loom
12:05 Feudal Age
12:23 Man-at-Arms
12:48 Arson
13:48 Double-Bit Axe
18:32 Wheelbarrow
Connection lost

Rejoining the realm…

Still unreachable

The connection could not be restored.

Session expired

The server has moved on; the page needs a fresh start.